 Dungeon Crawl Stone Soup version 0.28.0 (webtiles) character file.

Game seed: 11479316524890893795

86 mcwallace the Vexing (level 4, -1/23 HPs)
             Began as a Vine Stalker Arcane Marksman on Feb 18, 2022.
             Slain by a bullfrog (6 damage)
             ... in a sewer.
             The game lasted 00:04:22 (2440 turns).

mcwallace the Vexing (Vine Stalker Arcane Marksman) Turns: 2440, Time: 00:04:23

Health: -1/23      AC:  2    Str: 13    XL:     4   Next: 49%
Magic:  0/8        EV: 12    Int: 15    God:
Gold:   68         SH:  0    Dex: 14    Spells: 6/7 levels left

rFire   . . .      SeeInvis .   l - +1 mace (vorpal) {mace}
rCold   . . .      Faith    .   (no shield)
rNeg    . . .      Spirit   +   d - +0 robe
rPois   .          Reflect  .   (no helmet)
rElec   .          Harm     .   (no cloak)
rCorr   .          Rampage  .   (no gloves)
Will    .....                   (no boots)
Stlth   +.........              (no amulet)
HPRegen 0.87/turn               (no ring)
MPRegen 0.11/turn               (no ring)

@: very slow
A: fangs 2, regeneration 1, magic shield, antimagic bite, no potion heal 2
a: no special abilities


You were in a sewer.
You visited 1 branch of the dungeon, and saw 3 of its levels.
You also visited: Sewer.

You collected 68 gold pieces.


Innate Abilities, Weirdness & Mutations

You have extremely sharp teeth.
Your natural rate of healing is unusually fast.
When hurt, damage is shared between your health and your magic reserves.
Your bite disrupts and absorbs the magic of your enemies.
Potions cannot restore your health.


   Skills:
 + Level 1.8 Fighting
 + Level 2.3 Crossbows
 + Level 2.2 Dodging
 + Level 2.0 Spellcasting
 + Level 3.4 Hexes


You had 6 spell levels left.
You knew the following spells:

 Your Spells              Type           Power      Damage    Failure   Level
a - Slow                  Hex            44%        N/A       5%          1

Your spell library contained the following spells:

 Spells                   Type           Power      Damage    Failure   Level
 Ensorcelled Hibernation  Hex/Ice        12%        N/A       16%         2
 Passwall                 Tmut/Erth      0%         N/A       32%         2
 Inner Flame              Hex/Fire       6%         N/A       32%         3
 Portal Projectile        Hex/Tloc       12%        N/A       32%         3
 Cause Fear               Hex            5%         N/A       47%         4
 Swiftness                Air            1%         N/A       54%         3

Inventory:

Hand Weapons
 a - a +0 hand crossbow {crossbow}
 l - a +1 vorpal mace (weapon) {mace}
   (You found it on level 2 of the Dungeon)
Missiles
 c - 9 bolts
 f - 19 sling bullets
 i - 37 stones (quivered) {throwing}
Armour
 d - a +0 robe (worn)
Scrolls
 j - 2 scrolls of immolation {unknown}
 k - a scroll of silence {unknown}
Potions
 b - a potion of mutation {unknown}
 e - a potion of curing {unknown}
 g - a potion of cancellation {unknown}
 h - a potion of flight {unknown}
 m - a potion of brilliance {unknown}

Dungeon Overview and Level Annotations

Branches:
Dungeon (3/15)              Sewer (1/1)

Altars:

Shops:
D:3 ?

Annotations:
D:2 1 runed translucent door, Crazy Yiuf

#.≈≈≈≈# ###≈≈≈≈
#.≈≈≈≈####≈≈≈≈≈≈≈≈
#.≈≈≈≈##≈≈≈≈≈≈≈≈≈≈
#.≈≈≈≈#≈≈≈≈∩≈≈≈≈≈≈
#≈≈≈≈≈≈≈≈≈...≈≈≈.≈.≈≈
#≈≈≈≈≈≈≈≈≈.≈≈..?$.≈≈≈≈≈≈≈#
#≈≈≈≈≈≈≈≈≈≈≈..≈?!?.≈≈≈≈≈≈#
#≈≈≈≈≈≈≈≈≈F≈.≈≈≈?≈≈≈≈≈≈≈≈#
#.≈≈≈≈≈≈≈≈@..≈..≈≈≈≈≈≈≈≈≈#
#÷≈≈≈≈≈≈≈≈≈≈≈≈≈≈≈≈≈≈≈≈≈≈#
#≈≈≈†.≈≈≈≈≈≈≈≈≈≈≈≈≈≈≈≈≈≈#
#.≈≈≈.≈≈≈≈≈≈≈≈≈≈≈≈≈≈≈≈#####
#.≈≈≈≈..≈≈≈≈≈≈≈≈≈≈.........
#.≈≈≈≈≈≈≈≈≈≈≈≈≈≈≈≈≈≈≈≈≈≈≈≈≈
#.≈≈≈≈≈≈≈≈≈≈≈≈≈≈≈≈≈≈≈≈≈≈≈≈≈
#..≈≈≈≈≈≈≈≈≈≈≈≈≈≈≈≈≈≈≈≈≈≈≈≈
##...............÷........≈


You could see a bullfrog.


Message History

You enter the shallow water.
Moving in this stuff is going to be slow.
The giant cockroach barely misses you.
You hit the giant cockroach. The giant cockroach bites you. 😕 HP[-2]
You take 2 damage, and now have 21/23 hp.
You barely miss the giant cockroach.
The giant cockroach splashes around in the water. x2 😎 HP[+2]
Your hp is fully restored (23).
You closely miss the giant cockroach. Your bite misses the giant cockroach.
The giant cockroach bites you but does no damage. x2
You closely miss the giant cockroach.
The giant cockroach waves its antennae.
The giant cockroach bites you. 😕 HP[-1]
You take 1 damage, and now have 22/23 hp.
You closely miss the giant cockroach.
The giant cockroach completely misses you.
The giant cockroach barely misses you. 😎 HP[+1]
Your hp is fully restored (23).
You closely miss the giant cockroach. You bite the giant cockroach.
You kill the giant cockroach!
You enter the shallow water.
Moving in this stuff is going to be slow.
You see here a giant cockroach corpse.
You see here a frilled lizard corpse.
You enter the shallow water.
Moving in this stuff is going to be slow.
You enter the shallow water.
Moving in this stuff is going to be slow.
You enter the shallow water.
Moving in this stuff is going to be slow.
You enter the shallow water.
Moving in this stuff is going to be slow.
You enter the shallow water.
Moving in this stuff is going to be slow.
Why would you want to do that?
You see here a quokka skeleton.
A giant cockroach is nearby!
A giant cockroach is nearby!
A giant cockroach is nearby!
The giant cockroach waves its antennae.
Found a gate leading back out of this place.
You enter the shallow water.
Moving in this stuff is going to be slow.
The giant cockroach splashes around in the water.
You hit the giant cockroach. The giant cockroach bites you. 😕 HP[-2]
You take 2 damage, and now have 21/23 hp.
You hit the giant cockroach but do no damage.
You bite the giant cockroach, but do no damage.
The giant cockroach closely misses you.
The giant cockroach misses you. 😎 HP[+2]
Your hp is fully restored (23).
You barely miss the giant cockroach. Your bite misses the giant cockroach.
The giant cockroach bites you but does no damage.
The giant cockroach completely misses you.
The giant cockroach misses you.
You barely miss the giant cockroach.
The giant cockroach bites you but does no damage.
The giant cockroach closely misses you. The giant cockroach bites you. 😕 HP[-1]
You take 1 damage, and now have 22/23 hp.
You hit the giant cockroach.
You kill the giant cockroach!
The giant cockroach splashes around in the water. x2 😎 HP[+1]
Your hp is fully restored (23).
You completely miss the giant cockroach.
You bite the giant cockroach, but do no damage.
The giant cockroach misses you.
You hit the giant cockroach.
You kill the giant cockroach!
You enter the shallow water.
Moving in this stuff is going to be slow.
You see here a giant cockroach corpse.
A bullfrog comes into view.
A bullfrog is nearby!
Your unstable footing causes you to fumble your attack.
The bullfrog hits you.
The bullfrog barely misses you. 😕 HP[-2] MP[-1]
You take 2 damage, and now have 21/23 hp.
You lost 1 mp, and now have 7/8 mp.
You sock the bullfrog!
The bullfrog hits you. x2 😕 HP[-2] MP[-2]
You take 2 damage, and now have 19/23 hp.
You lost 2 mp, and now have 5/8 mp.
You thump the bullfrog! Your bite misses the bullfrog. The bullfrog hits you.
The bullfrog hits you!
* * * LOW HITPOINT WARNING * * *
The bullfrog hits you.
* * * LOW HITPOINT WARNING * * *
😱 HP[-15] MP[-4]
You take 15 damage, and now have 4/23 hp.
MASSIVE DAMAGE!! (PAUSE)
You lost 4 mp, and now have 1/8 mp.
You miss the bullfrog. The bullfrog hits you. x2
You die...

Skill      XL: |  1  2  3  4 |
---------------+-------------+-----
Fighting       | 1 |  1.8
Crossbows      | 2 |  2.3
Dodging        | 2 |  2.2
Spellcasting   | 2 |  2.0
Hexes          | |  3.4

Action                   |  1- 3 |  4- 6 || total
-------------------------+-------+-------++-------
Melee: Mace              |       |    41 ||    41
       Bite              |       |     4 ||     4
 Fire: Hand crossbow     |    70 |    28 ||    98
Armor: Robe              |     7 |     7 ||    14
Dodge: Dodged            |    20 |    35 ||    55

Levels and vault maps discovered:
D:1:      doesnt_arrival_eight_statues, layout_rooms,
          dreamdust_ecumenical_altar_hidden_monk_grotto
D:2:      layout_loops_ring, uniq_crazy_yiuf_cottage
D:3:      layout_loops_corners, serial_shops, shop,
          nicolae_shop_advertising_works [nicolae_subvault_shop_adworks],
          nicolae_shop_hallway_stairs, gup_sewer_entry_bowl, chequers_avenue,
          minmay_randomly_rotated_circles, uniq_terence, uniq_sigmund
Sewer:    sewer_frog_island_01

Notes
Turn   | Place    | Note
-------+----------+-------------------------------------------
     0 | D:1      | mcwallace the Vine Stalker Arcane Marksman began the quest
                  | for the Orb.
     0 | D:1      | Reached XP level 1. HP: 9/9 MP: 3/3
     0 | D:1      | magus.rc [v1.9.6]
    65 | D:1      | Reached skill level 1 in Fighting
   177 | D:1      | Reached XP level 2. HP: 14/14 MP: 4/4
   383 | D:1      | Found a faded altar of an unknown god.
   517 | D:2      | Reached skill level 2 in Crossbows
   581 | D:2      | You pick up a book of Burglary and begin reading...
   581 | D:2      | You add the spells Passwall, Ensorcelled Hibernation and
                  | Swiftness to your library.
   824 | D:2      | Found a runed translucent door.
   825 | D:2      | Noticed Crazy Yiuf
   898 | D:2      | Reached XP level 3. HP: 9/18 MP: 4/6
   902 | D:2      | HP: 4/18 [poisoned by an adder]
  1517 | D:3      | Found Togilokhy's Magic Scroll Emporium.
  1567 | D:3      | Reached skill level 2 in Dodging
  1719 | D:3      | HP: 4/18 [poisoned by an adder]
  1723 | D:3      | HP: 1/18 [poisoned by an adder]
  2033 | D:3      | Found a glowing drain.
  2037 | Sewer    | Entered a sewer
  2084 | Sewer    | Gained mutation: Your natural rate of healing is unusually
                  | fast. [Vine Stalker growth]
  2084 | Sewer    | Reached XP level 4. HP: 22/22 MP: 7/7
  2210 | Sewer    | Reached skill level 2 in Spellcasting
  2435 | Sewer    | Noticed a bullfrog
  2439 | Sewer    | HP: 4/23 [bullfrog (6)]
  2440 | Sewer    | Slain by a bullfrog

Vanquished Creatures
  4 adders
  4 bats
  2 endoplasms
  8 giant cockroaches
  2 goblins (D:1)
  A hobgoblin (D:2)
  6 quokkas
  8 ball pythons
  13 frilled lizards
  2 rats
50 creatures vanquished.

Table legend:
 A = Non-vault XP
 B = Vault XP
 C = Vault XP percentage of total XP
 D = Non-vault monster count
 E = Vault monster count
 F = Vault count percentage of total count
                 A         B        C        D         E       F
            +---------+---------+-------+---------+---------+-------
      Total |      61 |      62 |  50.4 |      24 |      26 |  52.0
            +---------+---------+-------+---------+---------+-------
        D:1 |      11 |       0 |   0.0 |       7 |       0 |   0.0
        D:2 |      35 |       0 |   0.0 |      14 |       0 |   0.0
        D:3 |      15 |       4 |  21.1 |       3 |       2 |  40.0
      Sewer |       0 |      58 | 100.0 |       0 |      24 | 100.0
            +---------+---------+-------+---------+---------+-------

Illustrated notes

Table legend:
 A = Kills in this place as a percentage of kills in entire the game.
 B = Kills by you in this place as a percentage of kills by you in the entire game.
 C = Kills by friends in this place as a percentage of kills by friends in the entire game.
 D = Other kills in this place as a percentage of other kills in the entire game.
 E = Experience gained in this place as a percentage of experience gained in the entire game.
 F = Experience gained in this place divided by the number of levels of this place that you have seen.
                   A       B       C       D       E      F
               +-------+-------+-------+-------+-------+----------------------
         Total | 100.0 | 100.0 |   N/A |   N/A | 100.0 |  30.8
       Dungeon |  52.0 |  52.0 |   N/A |   N/A |  52.8 |  21.7
         Sewer |  48.0 |  48.0 |   N/A |   N/A |  47.2 |  58.0
               +-------+-------+-------+-------+-------+----------------------

Table legend: (Time is in decaauts)
 A = Elapsed time spent in this place.
 B = Non-inter-level travel time spent in this place.
 C = Inter-level travel time spent in this place.
 D = Time resting spent in this place.
 E = Time spent auto-exploring this place.
 F = Levels seen in this place.
 G = Mean time per level.
                   A        B        C        D        E       F      G
               +--------+--------+--------+--------+--------+-----+--------+
         Total |   2561 |   2441 |    120 |    288 |   1671 |   4 |  640.2 |
       Dungeon |   2067 |   1947 |    120 |    288 |   1440 |   3 |  689.0 |
         Sewer |    494 |    494 |      0 |      0 |    231 |   1 |  494.0 |
               +--------+--------+--------+--------+--------+-----+--------+

Top non-repeatable levels by time:
     D:2: 1048 daAuts
     D:3: 532 daAuts
   Sewer: 494 daAuts
     D:1: 486 daAuts
